 Dungeon Crawl Stone Soup version 0.29-a0-344-ge2f44be95a (console) character file.

Game seed: 6142991645849665297

272473 Ignak the Warrior (level 20, -15/238 HPs)
             Began as an Ogre Warper on Apr 21, 2022.
             Was the Champion of Okawaru.
             Shot with an arrow by a deep elf master archer (29 damage)
             ... on level 3 of the Elven Halls on Apr 22, 2022.
             The game lasted 03:09:01 (45705 turns).

Ignak the Warrior (Ogre Warper)                    Turns: 45705, Time: 03:09:03

Health: -15/238    AC: 10    Str: 30    XL:     20   Next: 26%
Magic:  3/38       EV: 12    Int: 20    God:    Okawaru [******]
Gold:   1845       SH: 16    Dex: 11    Spells: 13/48 levels left

rFire   + . .      SeeInvis +   Y - +8 eveningstar (freeze)
rCold   + . .      Faith    .   c - +5 kite shield {AC+3}
rNeg    . . .      Spirit   .   N - +4 troll leather armour
rPois   +          Reflect  .   R - +2 hat {SInv}
rElec   +          Harm     .   G - scarf {rC+ rF+}
rCorr   .          Rampage  .   (gloves unavailable)
Will    +++..                   (boots unavailable)
Stlth   +.........              h - amulet of regeneration
HPRegen 2.09/turn               z - ring of Lenten {Contam rElec rPois Slay+5 SInv}
MPRegen 0.26/turn               E - ring of the Leaf {Will+ Str+4 Int+6 Dex+3 Slay+5}

@: wereblooded, corroded, studying Shields
A: large, unfitting armour, tough skin 1, mutation resistance 1, robust 1,
MP-powered wands
}: 2/15 runes: decaying, serpentine
a: Renounce Religion, Heroism, Finesse, Duel


You were on level 3 of the Elven Halls.
You worshipped Okawaru.
Okawaru was exalted by your worship.
You visited 8 branches of the dungeon, and saw 36 of its levels.
You also visited: Ossuary, Bailey, Gauntlet, Ice Cave and Volcano.

You collected 4243 gold pieces.
You spent 2398 gold pieces at shops.

Inventory:

Hand Weapons
 a - a +1 giant spiked club of draining
 i - the +9 mace of Ublop {flame, Str+3 SInv}
   (You found it on level 3 of the Swamp)

   It burns those it strikes, dealing additional fire damage.
   Str:       It affects your strength (+3).
   SInv:      It lets you see invisible.
 m - the +8 hand axe of Ornamental Guilt {vorpal, rPois Will+++ Str-5}
   (You took it off a kobold on level 11 of the Dungeon)

   It inflicts extra damage upon your enemies.
   Str:       It affects your strength (-5).
   rPois:     It protects you from poison.
   Will:      It greatly increases your willpower.
 y - a +0 dire flail of holy wrath
 Y - a +8 eveningstar of freezing (weapon)
Missiles
 J - 23 large rocks (quivered)
Armour
 c - a +5 kite shield of protection (worn)
 o - a +2 robe of willpower
 t - a +2 tower shield of cold resistance
 G - a scarf of resistance (worn)
 N - a +4 troll leather armour (worn)
 Q - the +2 ratskin cloak {*Rats rPois rN+ Str-1 Int-1 Dex+1}
   (You bought it in a shop on level 2 of the Orcish Mines)

   When the wearer is hurt, rats may emerge from it to assist them.
   Str:       It affects your strength (-1).
   Int:       It affects your intelligence (-1).
   Dex:       It affects your dexterity (+1).
   rPois:     It protects you from poison.
   rN:        It protects you from negative energy.
 R - a +2 hat of see invisible (worn)
Jewellery
 h - an amulet of regeneration (around neck)
 k - an amulet of reflection
 r - a ring of flight
 z - the ring of Lenten (left hand) {Contam rElec rPois Slay+5 SInv}
   (You found it on level 4 of the Dungeon)

   [ring of see invisible]

   Slay:      It affects your accuracy & damage with ranged weapons and melee
   (+5).
   rElec:     It insulates you from electricity.
   rPois:     It protects you from poison.
   SInv:      It lets you see invisible.
   Contam:    It causes magical contamination when unequipped.
 E - the ring of the Leaf (right hand) {Will+ Str+4 Int+6 Dex+3 Slay+5}
   (You bought it in a shop on level 7 of the Dungeon)

   [ring of intelligence]

   Str:       It affects your strength (+4).
   Int:       It affects your intelligence (+6).
   Dex:       It affects your dexterity (+3).
   Slay:      It affects your accuracy & damage with ranged weapons and melee
   (+5).
   Will:      It increases your willpower.
 W - a ring of wizardry
Wands
 b - a wand of paralysis (21)
 d - a wand of digging (25)
 e - a wand of polymorph (22)
 l - a wand of flame (60)
 M - a wand of acid (2)
 X - a wand of iceblast (12)
Scrolls
 f - 4 scrolls of fear
 j - 14 scrolls of teleportation
 v - 8 scrolls of fog
 C - 3 scrolls of brand weapon
 D - 3 scrolls of magic mapping
 H - 4 scrolls of amnesia
 L - a scroll of enchant armour
 T - a scroll of silence
Potions
 g - a potion of berserk rage
 n - 10 potions of resistance
 p - 3 potions of magic
 q - 5 potions of lignification
 s - 5 potions of mutation
 u - a potion of might
 x - 10 potions of haste
 A - 4 potions of flight
 B - 13 potions of curing
 F - 4 potions of invisibility
 O - 3 potions of heal wounds
 S - 3 potions of cancellation
 V - a potion of brilliance
Miscellaneous
 w - a condenser vane
 I - a phial of floods
 U - a tin of tremorstones (2/2)
 Z - a lightning rod (4/4)


   Skills:
 + Level 16.9 Fighting
 - Level 16.0 Maces & Flails
 - Level 8.4 Throwing
 - Level 4.0 Armour
 + Level 11.6 Dodging
 + Level 11.8 Shields
 * Level 14.9 Spellcasting
 * Level 10.9 Hexes
 + Level 11.4 Translocations
 - Level 5.2 Transmutations
 - Level 6.0 Poison Magic
 - Level 7.0 Invocations


You had 13 spell levels left.
You knew the following spells:

 Your Spells              Type           Power      Damage    Failure   Level
a - Confusing Touch       Hex            55%        N/A       1%          3
b - Blink                 Tloc           100%       N/A       1%          2
c - Wereblood             Tmut           35%        N/A       1%          2
d - Manifold Assault      Tloc           57%        N/A       1%          5
e - Teleport Other        Tloc           57%        N/A       1%          3
f - Beastly Appendage     Tmut           70%        N/A       1%          1
g - Dispersal             Tloc           28%        N/A       11%         6
h - Enfeeble              Hex            27%        N/A       61%         7
t - Passwall              Tmut/Erth      20%        N/A       4%          2
z - Olgreb's Toxic Radia  Pois           39%        N/A       7%          4

Your spell library contained the following spells:

 Spells                   Type           Power      Damage    Failure   Level
 Apportation              Tloc           100%       N/A       1%          1
 Slow                     Hex            100%       N/A       1%          1
 Sting                    Tmut/Pois      100%       1d8       1%          1
 Ensorcelled Hibernation  Hex/Ice        72%        N/A       1%          2
 Gell's Gravitas          Tloc           57%        N/A       1%          3
 Lesser Beckoning         Tloc           57%        N/A       1%          3
 Passage of Golubria      Tloc           57%        N/A       1%          4
 Spider Form              Tmut/Pois      37%        N/A       2%          3
 Poisonous Vapours        Pois/Air       54%        N/A       3%          2
 Freeze                   Ice            56%        1d7       9%          1
 Pain                     Necr           56%        1d6       9%          1
 Leda's Liquefaction      Hex/Erth       18%        N/A       9%          4
 Yara's Violent Unravell  Hex/Tmut       23%        3d10      9%          5
 Scorch                   Fire           28%        2d6       12%         2
 Static Discharge         Conj/Air       14%        N/A       12%         2
 Sublimation of Blood     Necr           14%        N/A       12%         2
 Alistair's Intoxication  Tmut/Pois      24%        N/A       22%         5
 Swiftness                Air            14%        N/A       24%         3
 Vampiric Draining        Necr           14%        2d7       24%         3
 Silence                  Hex/Air        18%        N/A       24%         5
 Blade Hands              Tmut           17%        N/A       26%         5
 Irradiate                Conj/Tmut      12%        3d17      58%         5
 Dispel Undead            Necr           14%        3d10      63%         4
 Flame Wave               Conj/Fire      14%        2d6       63%         4
 Hailstorm                Conj/Ice       14%        3d5       63%         4
 Sticky Flame             Conj/Fire      14%        2d4       63%         4
 Agony                    Necr           14%        N/A       92%         5
 Borgnjor's Vile Clutch   Necr/Erth      7%         N/A       92%         5
 Excruciating Wounds      Necr           7%         N/A       92%         5
 Freezing Cloud           Conj/Ice/Air   7%         6-21      92%         5
 Lee's Rapid Deconstruct  Erth           7%         3d7*      92%         5
 Statue Form              Tmut/Erth      16%        N/A       99%         6
 Iron Shot                Conj/Erth      7%         9d2       100%        6
 Dragon Form              Tmut           17%        N/A       100%        7
 Lehudib's Crystal Spear  Conj/Erth      7%         10d3      100%        8
 Tukima's Dance           Hex            Unusable   N/A       N/A         3
 Animate Armour           Summ/Erth      Unusable   N/A       N/A         4
 Animate Dead             Necr           Unusable   N/A       N/A         4
 Death Channel            Necr           Unusable   N/A       N/A         6
 Simulacrum               Ice/Necr       Unusable   N/A       N/A         6
 Summon Cactus Giant      Summ           Unusable   N/A       N/A         6
 Summon Hydra             Summ           Unusable   N/A       N/A         7

Dungeon Overview and Level Annotations

Branches:
Dungeon (15/15)            Temple (1/1) D:6            Lair (6/6) D:11
  Swamp (4/4) Lair:4        Snake (4/4) Lair:4        Slime (0/5) Lair:5
    Orc (2/2) D:9             Elf (3/3) Orc:2        Vaults (1/5) D:14
 Depths (0/4) D:15        Ossuary (visited)          Bailey (visited)
  IceCv (visited)         Volcano (visited)         Gauntlet (visited)

Altars:
Ashenzari
Cheibriados
Dithmenos
Elyvilon
Fedhas
Gozag
Hepliaklqana
Kikubaaqudgha
Makhleb
Nemelex Xobeh
Okawaru
Qazlal
Ru
Sif Muna
Trog
Uskayaw
Vehumet
Wu Jian
Xom
Yredelemnul
Zin
The Shining One
Beogh
Jiyva

Shops:
D:2 =:*[[   D:6 *   D:7 ((=!   D:9 (   Orc:2 :*?[   Elf:2 !   Snake:1 ==:
Snake:3 *   Snake:4 *

Portals:
Trove: D:13 (give +2 storm dragon scales)


Innate Abilities, Weirdness & Mutations

You are too large for most types of armour.
You have tough skin. (AC +1)
You are somewhat resistant to further mutation.
You are robust. (+10% HP)
You expend magic power (3 MP) to strengthen your wands.


Message History

The deep elf elementalist is heavily wounded.
The deep elf elementalist closely misses you.
You block the +2 war axe of freezing's attack.
The deep elf sorcerer gestures at you while chanting.
The bolt of acid hits you!!
The deep elf sorcerer gestures wildly while chanting.
The deep elf sorcerer seems to speed up.
The earth elemental barely misses you.
You impale the deep elf elementalist!! You freeze the deep elf elementalist!
You feel a bit better.
You kill the deep elf elementalist!
Okawaru accepts your kill.
The earth elemental disappears in a puff of smoke! x6
The +2 war axe of freezing hits you!!
* * * LOW HITPOINT WARNING * * *
The +2 war axe of freezing freezes you.
* * * LOW HITPOINT WARNING * * *
The deep elf master archer wields a +0 longbow.
The deep elf master archer shoots an arrow.
The arrow misses you.
The arrow closely misses the +2 war axe of freezing.
Casting: Blink (safe; 1% risk of failure)
Confirm with . or Enter, or press ? or * to list all spells.
You blink.
Found 12 gold pieces, a scroll of enchant weapon and a phantom mirror.
The deep elf archer shoots an arrow.
The arrow hits you!
* * * LOW HITPOINT WARNING * * *
The deep elf master archer shoots an arrow.
You block the arrow.
The deep elf sorcerer points at you and mumbles some strange words.
The bolt of acid hits you!!
* * * LOW HITPOINT WARNING * * *
Okay, then.
As you read the scroll of fog, it crumbles to dust.
The scroll dissolves into smoke.
The deep elf master archer shoots an arrow.
You block the arrow.
The deep elf master archer shoots an arrow.
The arrow hits you!!
You die...

.........###.....##.#..###.##
.........'......#.§§e).§....#
.........###...####.)(§§###.
#.......## ##### ####)###
##.....## ###...ee§. ##...##
###......e.... ####+##
##.§§........).. .....#
##...§§§§........ ####.#
#....§@§§..###... # ##<##
#.....§§§....# #... ###...#
..........⌠..'$ ).....#
.....?.......#} #.#..##
.....######### <....# ....#
#.##.# ...# #....# ..# ####.#


You could see a deep elf master archer, a deep elf sorcerer (fast), a deep elf
archer (repels missiles) and a +2 war axe of freezing.

Vanquished Creatures
  Nikola (Swamp:2)
  An Ice Fiend (IceCv)
  Rupert (Lair:5)
  An acid blob (Elf:2)
  Mlioglotl (Swamp:4)
  2 deep elf blademasters
  Gastronok (Lair:3)
  Agnes (Elf:2)
  A thorn hunter (Swamp:4)
  The ghost of flestrin the Gelid, an adept MfIE of Hepliaklqana (Elf:2)
  A deep elf sorcerer (Elf:3)
  An azure jelly (Elf:2)
  A rockslime (Elf:2)
  Roxanne (Swamp:2)
  A fenstrider witch (Swamp:3)
  4 nagarajas
  Donald (Snake:2)
  Aizul (Elf:1)
  2 orc warlords
  Louise (Snake:1)
  The ghost of Skoner the Bludgeoner, an adept GrFi of the Shining One (Lair:6)
  5 deep elf elementalists
  A very ugly thing (Snake:4)
  A quicksilver ooze (Elf:2)
  The ghost of supermoro the Cleaver, a journeyman HOFi of Gozag (Orc:1)
  A deep elf demonologist (Elf:3)
  An eleionoma (Swamp:3)
  A minotaur (Gauntlet)
  6 bunyips
  An ettin (D:15)
  A great orb of eyes (Elf:2)
  An ice dragon (Swamp:4)
  Erolcha (D:9)
  4 salamander tyrants
  11 boulder beetles
  Fannar (D:11)
  3 ghost crabs
  23 hydras
  A merfolk avatar (Lair:6)
  7 two-headed ogres
  8 centaur warriors
  A catoblepas (Gauntlet)
  6 anacondas
  27 dancing weapons
  15 naga warriors
  11 alligators
  6 shock serpents
  Urug (Lair:3)
  3 tengu warriors
  13 naga sharpshooters
  13 deep elf knights
  4 orc high priests (Orc:2)
  6 spriggans
  10 salamander mystics
  A sea snake (Lair:6)
  A fire crab (Gauntlet)
  9 goliath frogs
  2 deep trolls (D:15)
  6 spriggan druids
  6 bog bodies
  9 spriggan simulacra (IceCv)
  3 naga ritualists
  3 wizards
  17 swamp dragons
  9 deep elf archers
  3 obsidian statues
  2 necromancers
  5 orc knights
  A lindwurm (Lair:1)
  13 deep elf zephyrmancers
  7 mana vipers
  18 deep elf pyromancers
  A wolf spider (Lair:1)
  4 ugly things
  4 orc sorcerers (Orc:2)
  2 cyclopes
  2 will-o-the-wisps
  2 manticores
  22 salamanders
  Maurice (D:11)
  4 guardian serpents
  14 elephants
  A molten gargoyle (Gauntlet)
  A torpor snail (Lair:6)
  3 gargoyles
  24 naga magi
  24 black mambas
  9 cane toads
  A kobold demonologist (D:9)
  An unseen horror (D:8)
  4 freezing wraiths
  6 komodo dragons
  3 entropy weaver simulacra (IceCv)
  8 rime drakes
  6 ice devils (IceCv)
  2 efreet
  2 tengu conjurers
  A bloated husk (Swamp:4)
  2 golden dragon simulacra (IceCv)
  10 tyrant leeches
  20 slime creatures
  14 trolls
  4 polar bears
  A wind drake (Lair:6)
  8 hornets
  3 dream sheep (D:10)
  3 snapping turtles (Lair:6)
  A jumping spider (Lair:1)
  A vampire (D:12)
  An air elemental (Elf:1)
  A jumping spider (shapeshifter) (Elf:3)
  A centaur simulacrum (D:14)
  Sigmund (D:2)
  5 water elementals
  A shadow (D:11)
  2 wraiths
  A culicivora (shapeshifter) (D:14)
  4 fire bats (Gauntlet)
  3 wyverns
  2 dire elephant simulacra (IceCv)
  29 yaks
  2 basilisks
  2 golden eyes (Elf:2)
  6 vampire mosquitoes
  2 steam dragons
  4 fire elementals
  7 minotaur simulacra (IceCv)
  A redback (Lair:1)
  12 swamp worms
  A harpy simulacrum (IceCv)
  47 nagas
  18 water moccasins
  4 wargs (Orc:2)
  A hydra simulacrum (IceCv)
  9 hell hounds
  An acid dragon (D:10)
  6 swamp drakes
  2 meliai simulacra (Gauntlet)
  An ice beast (D:8)
  4 alligator simulacra (IceCv)
  37 orc warriors
  4 black bears
  A sky beast (D:7)
  16 ogres
  3 wolves
  5 boggarts
  13 centaurs
  3 kobold brigands
  A phantom (D:5)
  An elf zombie (Ossuary)
  3 gnoll sergeants
  10 bullfrogs
  A two-headed ogre simulacrum (Orc:1)
  An earth elemental (Elf:1)
  2 necrophages
  3 scorpions
  4 deep troll simulacra (IceCv)
  6 wights
  A hornet simulacrum (Gauntlet)
  A spectral ogre (Orc:1)
  5 lindwurm simulacra (IceCv)
  5 electric eels
  3 lava snakes (Lair:1)
  11 howler monkeys
  A centaur zombie (Ossuary)
  15 hounds
  6 jellies
  Crazy Yiuf (D:2)
  2 human zombies (Ossuary)
  35 orc priests
  A gnoll shaman (D:10)
  Terence (D:3)
  4 iguanas
  17 orc wizards
  Natasha (twice) (D:2)
  2 mummies (Ossuary)
  10 gnolls
  8 adders
  3 ogre simulacra (Orc:1)
  2 white imps
  2 ufetubi (D:5)
  An adder zombie (Ossuary)
  3 worms (D:3)
  A dart slug (D:1)
  112 orcs
  2 orc simulacra (Orc:1)
  5 ball pythons
  10 endoplasms
  A giant cockroach (D:1)
  9 goblins
  11 hobgoblins
  10 jackals
  31 kobolds
  3 quokkas
  6 bats
  A frilled lizard (D:2)
  A goblin zombie (Ossuary)
  8 hobgoblin zombies (Ossuary)
  A jackal zombie (Ossuary)
  9 kobold zombies (Ossuary)
  11 orc zombies (Ossuary)
  5 rats
  2 rat zombies (Ossuary)
1231 creatures vanquished.

Vanquished Creatures (collateral kills)
  A wight (D:6)
  An orc (D:6)
2 creatures vanquished.

Vanquished Creatures (others)
  A spriggan druid (Swamp:3)
  A swamp dragon (Swamp:1)
  2 deep elf pyromancers (Volcano)
  A black bear (D:6)
  An ogre (D:6)
  An orc wizard (D:3)
  2 bushes (Lair:4)
  8 foxfires
  22 fungi
  33 plants
  2 starspawn tentacles (Swamp:4)
74 creatures vanquished.

Grand Total: 1307 creatures vanquished

Notes
Turn   | Place    | Note
-------+----------+-------------------------------------------
     0 | D:1      | Ignak the Ogre Warper began the quest for the Orb.
     0 | D:1      | Reached XP level 1. HP: 22/22 MP: 3/3
   211 | D:1      | Reached XP level 2. HP: 27/29 MP: 5/5
   244 | D:1      | Learned a level 2 spell: Blink
   637 | D:2      | Reached XP level 3. HP: 32/37 MP: 7/7
   720 | D:2      | Noticed Sigmund
   750 | D:2      | Killed Sigmund
   751 | D:2      | Reached XP level 4. HP: 14/48 MP: 6/9
   751 | D:2      | Reached XP level 5. HP: 16/54 MP: 6/10
   815 | D:2      | Found a runed translucent door.
   816 | D:2      | Noticed Crazy Yiuf
   874 | D:2      | Found Afeg's Antique Armour Boutique.
   875 | D:2      | Noticed Natasha
   906 | D:2      | Killed Natasha
   946 | D:2      | Reached XP level 6. HP: 62/62 MP: 11/11
   948 | D:2      | Found Dyrhug's Antique Armour Shoppe.
  1056 | D:2      | Found Tior's Jewellery Emporium.
  1103 | D:2      | Found Uclyphid's Book Shoppe.
  1149 | D:2      | Noticed Natasha
  1155 | D:2      | Killed Natasha
  1179 | D:2      | Found Maot Gic's General Store.
  1262 | D:2      | Killed Crazy Yiuf
  1382 | D:3      | Noticed Terence
  1396 | D:3      | Killed Terence
  1814 | D:3      | Reached skill level 5 in Fighting
  2558 | D:4      | Reached XP level 7. HP: 62/72 MP: 12/12
  2677 | D:4      | Learned a level 3 spell: Confusing Touch
  2797 | D:4      | Identified the ring of Lenten {Contam rElec rPois Slay+5
                  | SInv}
  3157 | D:4      | Reached skill level 1 in Hexes
  3168 | D:4      | Reached XP level 8. HP: 75/84 MP: 13/13
  3338 | D:5      | Entered Level 5 of the Dungeon
  3517 | D:5      | Gained mutation: You are partially covered in iridescent
                  | scales. (AC +2) [potion of mutation]
  3517 | D:5      | Gained mutation: You are mostly covered in iridescent
                  | scales. (AC +4) [potion of mutation]
  3854 | D:5      | Reached skill level 5 in Maces & Flails
  3978 | D:2      | Bought a scroll of enchant armour for 105 gold pieces
  4691 | D:6      | Found a sand-covered staircase.
  4697 | Ossuary  | Entered an ossuary
  4830 | Ossuary  | Reached XP level 9. HP: 76/96 MP: 15/15
  5138 | D:6      | Found a staircase to the Ecumenical Temple.
  5156 | Temple   | Entered the Ecumenical Temple
  5404 | Temple   | Became a worshipper of Warmaster Okawaru
  5464 | Temple   | Reached skill level 5 in Spellcasting
  5703 | D:6      | Found Ketiowk's Serpentskin Sales.
  5883 | D:6      | Reached * piety under Okawaru
  5893 | D:6      | Learned a level 5 spell: Alistair's Intoxication
  5907 | D:7      | Reached skill level 5 in Dodging
  5991 | D:7      | Found Bykk's Weapon Shop.
  6233 | D:7      | Reached skill level 1 in Poison Magic
  6255 | D:7      | Found Helelar's Antique Weapon Shop.
  6304 | D:7      | Reached skill level 5 in Translocations
  6304 | D:7      | Reached XP level 10. HP: 82/107 MP: 16/18
  6373 | D:7      | Found Toxtatz's Jewellery Emporium.
  6558 | D:7      | Found Heni Keo's Distillery.
  6985 | D:8      | Found a flagged portal.
  7004 | D:8      | Reached ** piety under Okawaru
  7005 | D:8      | Reached skill level 1 in Invocations
  7186 | Bailey   | Entered a bailey
  7240 | Bailey   | Noticed an orc warlord
  7249 | Bailey   | Learned a level 3 spell: Teleport Other
  7256 | Bailey   | Identified the +10 dagger "Guddoq" {vamp, *Rage rPois rCorr
                  | Int+3}
  7345 | Bailey   | Found a runed translucent gate.
  7346 | Bailey   | Found a runed translucent gate.
  7348 | Bailey   | Found a runed translucent gate.
  7354 | Bailey   | Noticed an orc knight
  7464 | Bailey   | Killed an orc knight
  7756 | Bailey   | Killed an orc warlord
  7756 | Bailey   | Reached *** piety under Okawaru
  7757 | Bailey   | Reached skill level 10 in Fighting
  7854 | Bailey   | Reached skill level 10 in Maces & Flails
  7854 | Bailey   | Reached XP level 11. HP: 117/117 MP: 20/20
  7991 | D:8      | Learned a level 2 spell: Wereblood
  8019 | D:8      | Noticed a cyan ugly thing
  8019 | D:8      | Noticed a six-headed hydra
  8406 | D:7      | Learned a level 5 spell: Manifold Assault
  8522 | D:8      | Learned a level 1 spell: Beastly Appendage
  8659 | D:8      | Killed a white ugly thing
  8659 | D:8      | Reached **** piety under Okawaru
  8659 | D:8      | Received a gift from Okawaru
  8661 | D:8      | Reached XP level 12. HP: 64/126 MP: 17/21
  8819 | D:9      | Noticed a two-headed ogre
  8975 | D:9      | Reached skill level 1 in Transmutations
  9007 | D:9      | Killed a two-headed ogre
  9101 | D:9      | Learned a level 4 spell: Olgreb's Toxic Radiance
  9500 | D:9      | Found a staircase to the Orcish Mines.
  9505 | D:9      | Found Iwuriwk's Weapon Boutique.
  9959 | D:10     | Entered Level 10 of the Dungeon
 10072 | D:9      | Gained mutation: Armour fits poorly on your strangely
                  | shaped body. [a neqoxec]
 10201 | D:10     | Found an opulent altar of Gozag.
 10554 | D:10     | Reached ***** piety under Okawaru
 10623 | D:10     | Noticed a boulder beetle
 10635 | D:10     | Killed a boulder beetle
 10853 | Orc:1    | Entered Level 1 of the Orcish Mines
 10861 | Orc:1    | Noticed Erolcha
 10918 | D:9      | Killed Erolcha
 10999 | Orc:1    | Noticed a two-headed ogre
 11015 | Orc:1    | Killed a two-headed ogre
 11556 | Orc:1    | Found a runed translucent gate.
 11556 | Orc:1    | Found a runed translucent gate.
 11556 | Orc:1    | Found a runed translucent gate.
 11561 | Orc:1    | Noticed supermoro's ghost (journeyman HOFi)
 11596 | Orc:1    | Killed supermoro's ghost
 11596 | Orc:1    | Received a gift from Okawaru
 11683 | Orc:2    | Entered Level 2 of the Orcish Mines
 11710 | Orc:2    | Noticed a two-headed ogre
 11801 | Orc:2    | Killed a two-headed ogre
 11871 | Orc:2    | Received a gift from Okawaru
 12035 | Orc:2    | Noticed a two-headed ogre
 12041 | Orc:2    | Killed a two-headed ogre
 12041 | Orc:2    | Received a gift from Okawaru
 12372 | Orc:2    | Reached XP level 13. HP: 108/137 MP: 24/24
 12573 | Orc:2    | Reached ****** piety under Okawaru
 12576 | Orc:2    | Identified the +1 robe of Afitaann {rElec Str-2 Dex+6
                  | Stlth+}
 12628 | Orc:2    | Received a gift from Okawaru
 12779 | Orc:2    | Found a staircase to the Elven Halls.
 12846 | Orc:2    | Noticed an orc warlord
 12859 | Orc:2    | Identified the +1 robe "Mofa Gopp" {rElec rF+ Int+3 Dex+3}
                  | (Okawaru gifted it to you on level 2 of the Orcish Mines)
 12859 | Orc:2    | Received a gift from Okawaru
 13116 | Orc:2    | Reached skill level 5 in Throwing
 13189 | Orc:2    | Found Giecs's Assorted Antiques.
 13312 | Orc:2    | Found Tenexk Cetupp's Book Emporium.
 13475 | Orc:2    | Found Hashaqisk's Armour Boutique.
 13506 | Orc:2    | Killed an orc warlord
 13780 | Orc:2    | Found Pashy's Magic Scroll Shop.
 13789 | Orc:2    | Reached skill level 5 in Poison Magic
 13905 | Orc:2    | Bought the +2 ratskin cloak {*Rats rPois rN+ Str-1 Int-1
                  | Dex+1} for 361 gold pieces
 13905 | Orc:2    | Found the +2 ratskin cloak {*Rats rPois rN+ Str-1 Int-1
                  | Dex+1}
 14591 | D:8      | Received a gift from Okawaru
 14944 | D:11     | Noticed Maurice
 14958 | D:11     | Noticed Fannar
 14960 | D:11     | Killed Maurice
 15121 | D:11     | Found a staircase to the Lair.
 15183 | D:11     | Identified the +4 war axe "Kust" {venom, Contam rN+++ Int+4
                  | SInv}
 15188 | D:11     | Found an ornate altar of the Wu Jian Council.
 15208 | D:11     | Killed Fannar
 15213 | D:11     | Identified the +8 hand axe of Ornamental Guilt {vorpal,
                  | rPois Will+++ Str-5}
 15222 | D:11     | Reached XP level 14. HP: 59/148 MP: 10/26
 15632 | Lair:1   | Entered Level 1 of the Lair of Beasts
 15710 | Lair:1   | Reached skill level 1 in Armour
 15983 | Lair:1   | Found a runed translucent door.
 16002 | Lair:1   | Received a gift from Okawaru
 16550 | Lair:1   | Found a runed translucent gate.
 16550 | Lair:1   | Found a runed translucent gate.
 16550 | Lair:1   | Found a runed translucent gate.
 16550 | Lair:1   | Found a runed translucent gate.
 16550 | Lair:1   | Found a runed translucent gate.
 16550 | Lair:1   | Found a runed translucent gate.
 16760 | Lair:2   | Found a dark tunnel.
 16774 | Volcano  | Entered a volcano
 17893 | Lair:3   | Reached skill level 5 in Transmutations
 17977 | Lair:3   | Noticed Gastronok
 17990 | Lair:3   | Killed Gastronok
 18269 | Lair:3   | Noticed Urug
 18287 | Lair:3   | Killed Urug
 18692 | Lair:4   | Received a gift from Okawaru
 18895 | Lair:4   | Found a staircase to the Swamp.
 18969 | Lair:4   | Found a staircase to the Snake Pit.
 18975 | Lair:4   | Learned a level 2 spell: Passwall
 19089 | Lair:4   | Found a transporter.
 19094 | Lair:4   | Found a transporter.
 19588 | Lair:4   | Reached skill level 1 in Shields
 19709 | Lair:5   | Noticed Rupert
 19723 | Lair:5   | Killed Rupert
 20140 | Lair:5   | Reached XP level 15. HP: 158/158 MP: 3/28
 20438 | Lair:5   | Found a runed translucent door.
 20439 | Lair:5   | Found a viscous altar of Jiyva.
 20439 | Lair:5   | Found a staircase to the Slime Pits.
 20659 | Lair:6   | Entered Level 6 of the Lair of Beasts
 20700 | Lair:6   | Found a gate leading to a gauntlet.
 20711 | Gauntlet | Entered a Gauntlet
 20711 | Gauntlet | Found a transporter.
 20712 | Gauntlet | Found a large runed translucent door.
 20713 | Gauntlet | Found a large runed translucent door.
 20714 | Gauntlet | Found a large runed translucent door.
 20714 | Gauntlet | Found a large runed translucent door.
 20714 | Gauntlet | Found a runed translucent door.
 20714 | Gauntlet | Found a runed translucent door.
 20715 | Gauntlet | Found a large runed translucent door.
 20716 | Gauntlet | Found a large runed translucent door.
 20717 | Gauntlet | Found a large runed translucent door.
 20717 | Gauntlet | Found a large runed translucent door.
 20717 | Gauntlet | Found a large runed translucent door.
 20717 | Gauntlet | Found a large runed translucent door.
 20717 | Gauntlet | Found a large runed translucent door.
 20717 | Gauntlet | Found a large runed translucent door.
 20718 | Gauntlet | Found a large runed translucent door.
 20718 | Gauntlet | Found a large runed translucent door.
 20719 | Gauntlet | Found a large runed translucent door.
 20719 | Gauntlet | Found a transporter.
 20719 | Gauntlet | Found a large runed translucent door.
 20721 | Gauntlet | Found a transporter.
 20723 | Gauntlet | Found a transporter.
 20736 | Gauntlet | Found a runed translucent gate.
 20736 | Gauntlet | Found a runed translucent gate.
 20736 | Gauntlet | Found a runed translucent gate.
 20738 | Gauntlet | Found a transporter.
 20754 | Gauntlet | Found a transporter.
 20761 | Gauntlet | Found a transporter.
 20776 | Gauntlet | Found a transporter.
 20795 | Gauntlet | Found a transporter.
 20807 | Gauntlet | Found a transporter.
 20819 | Gauntlet | Found a transporter.
 20831 | Gauntlet | Found a transporter.
 20857 | Gauntlet | Found a transporter.
 20876 | Gauntlet | Found a transporter.
 20891 | Gauntlet | Found a transporter.
 20893 | Gauntlet | Found a transporter.
 20933 | Gauntlet | Found a transporter.
 20952 | Gauntlet | Found a transporter.
 21085 | Gauntlet | Identified the +0 hat "Xeraxar" {rPois rF- rN+ Int+3}
 21187 | Gauntlet | Identified the +6 fustibalus of Annoyance {vorpal, Str+2
                  | Int+2}
 21428 | Lair:6   | Noticed Skoner's ghost (adept GrFi)
 21430 | Lair:6   | Found a transporter.
 21434 | Lair:6   | Found a transporter.
 21712 | Lair:6   | Received a gift from Okawaru
 22104 | Lair:6   | Identified the +0 leather armour "Waxuoloc" {Harm *Slow
                  | rF+++ SInv}
 22105 | Lair:6   | Identified the +5 trident "Mah Tiapp" {protect, rC+}
 23006 | Lair:6   | Killed Skoner's ghost
 23785 | D:12     | You fall into a shaft and drop 3 floors!
 23785 | D:15     | Entered Level 15 of the Dungeon
 23899 | Arena    | Entered the Arena
 23938 | D:15     | Reached skill level 10 in Spellcasting
 24087 | D:15     | Found a staircase to the Depths.
 24116 | D:15     | Found a glowing silver altar of Zin.
 24395 | D:15     | Found a blossoming altar of Fedhas.
 25313 | D:13     | Identified the +2 dire flail "No More Talking" {venom, rF+
                  | Dex+2} (Okawaru gifted it to you on level 13 of the
                  | Dungeon)
 25313 | D:13     | Received a gift from Okawaru
 25496 | D:13     | Reached skill level 5 in Shields
 25650 | D:13     | Reached XP level 16. HP: 154/170 MP: 5/30
 25856 | D:7      | Bought the ring of the Leaf {Will+ Str+4 Int+6 Dex+3
                  | Slay+5} for 1572 gold pieces
 26368 | D:13     | Found a portal to a secret trove of treasure.
 27055 | D:14     | Identified a scroll of acquirement
 27316 | D:14     | Received a gift from Okawaru
 27366 | D:14     | Found a gate to the Vaults.
 27671 | D:14     | Identified the +2 robe "Mumysh" {rN++ Will+ rCorr Dex-5}
 27905 | Snake:1  | Entered Level 1 of the Snake Pit
 27988 | Snake:1  | Received a gift from Okawaru
 28841 | Snake:1  | Found Duwex's Jewellery Emporium.
 28842 | Snake:1  | Found Zube's Book Boutique.
 28843 | Snake:1  | Found Fuzaox's Jewellery Emporium.
 28844 | Snake:1  | Noticed Louise
 28856 | Snake:1  | Killed Louise
 29929 | Snake:2  | Noticed a nagaraja
 29937 | Snake:2  | Killed a nagaraja
 30145 | Snake:2  | Acquired 912 gold pieces
 30548 | Orc:2    | Bought a scroll of enchant armour for 120 gold pieces
 30548 | Orc:2    | Bought a scroll of enchant armour for 120 gold pieces
 30548 | Orc:2    | Bought a scroll of enchant armour for 120 gold pieces
 30738 | Swamp:1  | Entered Level 1 of the Swamp
 30746 | Arena    | Entered the Arena
 30770 | Arena    | Entered the Arena
 30800 | Lair:4   | Reached skill level 5 in Hexes
 30935 | Swamp:1  | Identified the +1 robe of Focus {rF+ Int+3 Dex+3} (Okawaru
                  | gifted it to you on level 1 of the Swamp)
 30935 | Swamp:1  | Received a gift from Okawaru
 31103 | Swamp:1  | Reached XP level 17. HP: 168/182 MP: 10/32
 31445 | Snake:2  | Lost mutation: You are mostly covered in iridescent scales.
                  | (AC +4) [potion of mutation]
 31445 | Snake:2  | Lost mutation: Armour fits poorly on your strangely shaped
                  | body. [potion of mutation]
 31445 | Snake:2  | Gained mutation: Armour fits poorly on your strangely
                  | shaped body. [potion of mutation]
 31445 | Snake:2  | Gained mutation: You are frail. (-10% HP) [potion of
                  | mutation]
 31445 | Snake:2  | Gained mutation: You have sharp toenails. [potion of
                  | mutation]
 31446 | Snake:2  | Lost mutation: You are partially covered in iridescent
                  | scales. (AC +2) [potion of mutation]
 31446 | Snake:2  | Lost mutation: Armour fits poorly on your strangely shaped
                  | body. [potion of mutation]
 31446 | Snake:2  | Gained mutation: You expend magic power (3 MP) to
                  | strengthen your wands. [potion of mutation]
 31446 | Snake:2  | Gained mutation: You have a pair of small horns on your
                  | head. [potion of mutation]
 31447 | Snake:2  | Lost mutation: You are frail. (-10% HP) [potion of
                  | mutation]
 31447 | Snake:2  | Lost mutation: You have sharp toenails. [potion of
                  | mutation]
 31447 | Snake:2  | Lost mutation: You have a pair of small horns on your head.
                  | [potion of mutation]
 31447 | Snake:2  | Gained mutation: You are robust. (+10% HP) [potion of
                  | mutation]
 31447 | Snake:2  | Gained mutation: You are somewhat resistant to further
                  | mutation. [potion of mutation]
 31727 | Snake:3  | Noticed Donald
 31742 | Snake:2  | Killed Donald
 32544 | Snake:3  | Identified the +7 long sword of Nugesusi {pain, *Corrode
                  | Fly rC++ Stlth+}
 32598 | Snake:3  | Found Osusumor's Assorted Antiques.
 33391 | Snake:4  | Entered Level 4 of the Snake Pit
 33515 | Snake:4  | Found a frozen archway.
 33529 | IceCv    | Entered an ice cave
 34245 | IceCv    | Received a gift from Okawaru
 34697 | IceCv    | Reached skill level 15 in Maces & Flails
 35083 | IceCv    | Noticed an Ice Fiend
 35095 | IceCv    | Reached skill level 10 in Dodging
 35100 | IceCv    | HP: 8/200 [Ice Fiend/bolt of cold (16)]
 35115 | IceCv    | Killed an Ice Fiend
 35238 | IceCv    | Got the Tome of Cold
 35348 | Snake:4  | Reached skill level 15 in Fighting
 35353 | Snake:4  | Reached skill level 10 in Translocations
 35640 | Snake:4  | Found Guycum's Overcharged Wands.
 35647 | Snake:4  | Received a gift from Okawaru
 36089 | Snake:4  | Learned a level 6 spell: Dispersal
 36097 | Snake:4  | Learned a level 7 spell: Enfeeble
 36156 | Snake:4  | Reached XP level 18. HP: 105/212 MP: 5/33
 36663 | Snake:4  | Identified the -3 hat of the Modern Places {Str+3 Int+7}
                  | (Okawaru gifted it to you on level 4 of the Snake Pit)
 36663 | Snake:4  | Received a gift from Okawaru
 37392 | Snake:4  | Got a serpentine rune of Zot
 37874 | Elf:1    | Entered Level 1 of the Elven Halls
 38464 | Elf:1    | Noticed Aizul
 38474 | Elf:1    | Killed Aizul
 39053 | Elf:1    | Received a gift from Okawaru
 39241 | Elf:2    | Found Erghueh's Distillery.
 39266 | Elf:2    | Reached skill level 10 in Shields
 39547 | Elf:2    | Found a shimmering blue altar of Sif Muna.
 39559 | Elf:2    | Identified the +2 robe of the Ditch-Digger {Int+4} (Okawaru
                  | gifted it to you on level 2 of the Elven Halls)
 39559 | Elf:2    | Received a gift from Okawaru
 39599 | Elf:2    | Found a runed translucent gate.
 39599 | Elf:2    | Found a runed translucent gate.
 39599 | Elf:2    | Found a runed translucent gate.
 39600 | Elf:2    | Found a viscous altar of Jiyva.
 39600 | Elf:2    | Noticed flestrin's ghost (adept MfIE)
 39639 | Elf:2    | Found a runed translucent gate.
 39640 | Elf:2    | Found a runed translucent gate.
 39640 | Elf:2    | Found a runed translucent gate.
 39751 | Elf:2    | Reached XP level 19. HP: 75/224 MP: 6/36
 40557 | Elf:2    | Noticed Agnes
 40568 | Elf:2    | Killed Agnes
 40924 | Elf:2    | Killed flestrin's ghost
 42099 | Swamp:2  | Noticed Nikola
 42105 | Swamp:2  | Killed Nikola
 42240 | Swamp:2  | Noticed Roxanne
 42251 | Swamp:2  | Killed Roxanne
 42964 | Swamp:3  | Identified the +9 mace of Ublop {flame, Str+3 SInv}
 43076 | Swamp:3  | Reached skill level 10 in Hexes
 43076 | Swamp:3  | Identified the +9 storm dragon scales "Noim" {-Cast Fly
                  | rElec Str+2} (Okawaru gifted it to you on level 3 of the
                  | Swamp)
 43076 | Swamp:3  | Received a gift from Okawaru
 43894 | Swamp:4  | Entered Level 4 of the Swamp
 43911 | Arena    | Entered the Arena
 44392 | Swamp:4  | Reached XP level 20. HP: 213/236 MP: 34/38
 44461 | Swamp:4  | Noticed Mlioglotl
 44473 | Swamp:4  | Killed Mlioglotl
 44772 | Swamp:4  | Got a decaying rune of Zot
 45203 | Vaults:1 | Entered Level 1 of the Vaults
 45413 | Elf:3    | Entered Level 3 of the Elven Halls
 45705 | Elf:3    | Shot with an arrow by a deep elf master archer

Illustrated notes

Levels and vault maps discovered:
D:1:      erik_arrival_triangle_medium, layout_rooms
D:2:      layout_rooms, serial_shops, shop, shop, nicolae_shop_trees,
          shop_statue, shop, uniq_crazy_yiuf_cottage, uniq_sigmund, uniq_natasha
D:3:      layout_loops_corners, chequers_serial_rivers_small_3, uniq_terence
D:4:      layout_cave_pods
D:5:      layout_layer_cave
D:6:      layout_cave_pools, temple_green, enter_ossuary_2,
          kennysheep_flooded_box, guppyfry_shop_venom
D:7:      layout_loops_corners, serial_shops, nicolae_inconvenience_store,
          nicolae_shop_stone, nicolae_stop_n_shop_1, nicolae_stop_n_shop_1,
          grunt_ministairs_10
D:8:      layout_layer_cave, enter_bailey_6, grunt_ministairs_10, minmay_radiant
D:9:      layout_basic, orc_david_3, minivault_16
D:10:     layout_roguey, grunt_gozag_statues, dreamdust_gnoll_shepherd
D:11:     layout_cave_pools, erik_lair_island, nzn_wu_jian_council_hall,
          uniq_maurice, uniq_fannar
D:12:     layout_rooms
D:13:     layout_long_grid, enter_trove_3
D:14:     layout_irregular_city, david_vaults_1, nrook_mini_vaults,
          minmay_protected_statue
D:15:     hangedman_depths_entry_civil_slaughter, layout_loops_cross,
          fedhas_altar_2, zin_academy
Temple:   mainiacjoe_temple_hex_bubbles
Lair:1:   gammafunk_indiana_jones, layout_gridlike, beast_lair_carwin_4,
          infiniplex_staircase_pool
Lair:2:   layout_gridlike, enter_volcano_3, grunt_forest_stairs_basic
Lair:3:   layout_cave_shapes, grunt_megastairs_5, uniq_urug, uniq_gastronok
Lair:4:   gammafunk_boulding_lane, layout_gridlike, swamp_mist_pool,
          minmay_snake_entry_guardpost_small, wad_woods_06, serial_bayou_lake_a
Lair:5:   layout_regular_city, slime_altar_2, minivault_11, uniq_rupert
Lair:6:   gammafunk_lair_ancient_temple, layout_long_grid,
          gauntlet_entry_generic, gammafunk_ghost_arena
Swamp:1:  layout_falls_marsh, evilmike_swamp_ruin_rubble_2
Swamp:2:  layout_basic_swamp, evilmike_swamp_ruin_house_6, uniq_roxanne,
          uniq_nikola
Swamp:3:  nicolae_swamp_standing_stones, layout_basic_swamp,
          nicolae_swamp_oxbows, kb_tengu_band
Swamp:4:  swamp_alternative, layout_basic_swamp, swamp_pool1,
          infiniplex_staircase_pool_2, uniq_mlioglotl
Snake:1:  layout_gridlike, minmay_shop_grove, uniq_louise
Snake:2:  layout_chambers
Snake:3:  layout_concentric_octagons, serial_shops,
          nicolae_shop_window_shopping, grunt_megastairs_2, uniq_donald
Snake:4:  snake_pit, layout_misc_corridors, portal_ice_cave_entry_horrid_things,
          nicolae_shop_overcharged_wands
Orc:1:    nicolae_orc_accident_3, layout_diamond_mine,
          gammafunk_ghost_necromancy, uniq_erolcha
Orc:2:    pubby_orc_utopia
Elf:1:    layout_loops_corners, minivault_28, uniq_aizul
Elf:2:    nicolae_elf_blades_crystal_corner, layout_loops_corners, basic_altar,
          gammafunk_ghost_ooze, corexii_hall_statues_i, amethyst_killhole,
          nicolae_take_the_stairs, uniq_agnes
Elf:3:    grunt_elf_hall_spiral, layout_loops_corners
Vaults:1: v_misc_1, v_pattern_3, nicolae_vaults_network_star, st_diamondy,
          v_rooms_4, v_misc_15, nicolae_vaults_sealed_display,
          vaults_mumra_minichess_inversion, v_alt_pattern_1,
          layout_vaults_omnicross

Skill      XL: |  1  2  3  4  5  6  7  8  9 10 11 12 13 14 15 16 17 18 19 |
---------------+----------------------------------------------------------+-----
Fighting       | 3 4 5 6 7 9 10 11 12 13 14 15 16 | 16.9
Maces & Flails | 2 3 4 5 6 10 11 12 13 14 15 16 | 16.0
Throwing       | 2 4 5 6 7 8 |  8.4
Spellcasting   | 3 4 5 6 7 8 9 10 11 13 14 | 14.9
Translocations | 3 4 5 6 7 8 9 10 11 | 11.4
Dodging        | 3 4 5 6 7 8 9 10 11 | 11.6
Hexes          | 1 2 3 4 5 7 8 10 | 10.9
Poison Magic   | 1 2 4 5 6 |  6.0
Invocations    | 6 7 |  7.0
Transmutations | 3 4 5 |  5.2
Armour         | 2 4 |  4.0
Shields        | 2 5 7 9 10 11 | 11.8

Action                   |  1- 3 |  4- 6 |  7- 9 | 10-12 | 13-15 | 16-18 | 19-21 || total
-------------------------+-------+-------+-------+-------+-------+-------+-------++-------
Melee: Mace              |    66 |    56 |       |       |       |       |       ||   122
       Punch             |     1 |     1 |     9 |       |       |       |       ||    11
       Flail             |       |   127 |   487 |     6 |       |       |       ||   620
       Giant spiked club |       |       |       |   318 |   845 |    71 |       ||  1234
       Dagger            |       |       |       |    17 |       |       |       ||    17
       Kick              |       |       |       |    31 |    89 |    15 |     8 ||   143
       Headbutt          |       |       |       |    15 |    51 |     7 |     8 ||    81
       Eveningstar       |       |       |       |       |       |  1051 |   475 ||  1526
Throw: Dart              |    10 |    20 |     3 |    41 |       |       |       ||    74
       Boomerang         |       |       |       |     4 |       |       |       ||     4
       Large rock        |       |       |       |     3 |    13 |    31 |    24 ||    71
 Cast: Blink             |     2 |     3 |     5 |    17 |    35 |    17 |     9 ||    88
       Confusing Touch   |       |       |     1 |     5 |       |     1 |       ||     7
       Teleport Other    |       |       |       |     5 |       |       |       ||     5
       Beastly Appendage |       |       |       |    20 |    38 |     8 |     2 ||    68
       Wereblood         |       |       |       |    13 |    34 |    35 |    13 ||    95
       Olgreb's Toxic Ra |       |       |       |     9 |    59 |    18 |     9 ||    95
       Manifold Assault  |       |       |       |       |   118 |   234 |    98 ||   450
       Passwall          |       |       |       |       |       |     6 |     2 ||     8
Invok: Heroism           |       |       |       |     2 |     3 |     2 |     2 ||     9
       Duel              |       |       |       |       |     1 |     2 |     1 ||     4
       Finesse           |       |       |       |       |     1 |       |       ||     1
Evoke: Wand              |       |       |     4 |       |     4 |     3 |     1 ||    12
       Phial of floods   |       |       |       |       |     2 |     1 |       ||     3
       Tin of tremorston |       |       |       |       |     1 |     2 |       ||     3
       Lightning rod     |       |       |       |       |     3 |       |       ||     3
       Condenser vane    |       |       |       |       |       |     1 |     1 ||     2
  Use: Potion            |       |     8 |     2 |     6 |     6 |     8 |     3 ||    33
       Scroll            |       |     6 |     6 |    12 |    18 |    12 |     3 ||    57
 Stab: Invisible         |       |     2 |       |       |       |       |       ||     2
       Confused          |       |       |       |     1 |       |     1 |       ||     2
Armor: Robe              |    27 |   110 |   381 |   152 |   213 |     4 |       ||   887
       Troll leather arm |       |       |       |       |   219 |   230 |    97 ||   546
Dodge: Dodged            |    35 |    95 |   341 |   226 |   520 |   294 |   157 ||  1668
Block: Kite shield       |       |       |       |       |       |   463 |   220 ||   683

Table legend: (Time is in decaauts)
 A = Elapsed time spent in this place.
 B = Non-inter-level travel time spent in this place.
 C = Inter-level travel time spent in this place.
 D = Time resting spent in this place.
 E = Time spent auto-exploring this place.
 F = Levels seen in this place.
 G = Mean time per level.
                   A        B        C        D        E       F      G
               +--------+--------+--------+--------+--------+-----+--------+
         Total |  46435 |  43229 |   3206 |   5295 |  23185 |  45 | 1031.9 |
       Dungeon |  16033 |  14707 |   1326 |   1352 |   8393 |  15 | 1068.9 |
        Temple |    318 |    295 |     23 |     32 |    197 |   1 |  318.0 |
          Lair |   7308 |   6578 |    730 |    790 |   4069 |   6 | 1218.0 |
         Swamp |   3954 |   3753 |    201 |    472 |   2164 |   4 |  988.5 |
     Snake Pit |   7096 |   6757 |    339 |   1224 |   3815 |   4 | 1774.0 |
  Orcish Mines |   4130 |   3709 |    421 |    375 |   1606 |   2 | 2065.0 |
   Elven Halls |   3570 |   3408 |    162 |    177 |   2373 |   3 | 1190.0 |
        Vaults |     19 |     19 |      0 |      0 |      0 |   1 |   19.0 |
       Ossuary |    287 |    287 |      0 |      0 |     22 |   1 |  287.0 |
        Bailey |    777 |    777 |      0 |     18 |     77 |   1 |  777.0 |
      Ice Cave |   1756 |   1756 |      0 |    661 |    369 |   1 | 1756.0 |
       Volcano |    528 |    528 |      0 |    155 |     74 |   1 |  528.0 |
      Gauntlet |    568 |    568 |      0 |     28 |     24 |   1 |  568.0 |
         Arena |     85 |     85 |      0 |     11 |      0 |   4 |   21.2 |
               +--------+--------+--------+--------+--------+-----+--------+

Top non-repeatable levels by time:
   Orc:2: 2940 daAuts
 Snake:3: 2156 daAuts
   Elf:2: 1906 daAuts
  Lair:6: 1886 daAuts
 Snake:2: 1848 daAuts
   IceCv: 1756 daAuts
 Snake:4: 1650 daAuts
  Lair:4: 1578 daAuts
     D:7: 1526 daAuts
 Snake:1: 1441 daAuts
   Elf:1: 1380 daAuts
    D:15: 1360 daAuts
  Lair:1: 1359 daAuts
     D:9: 1351 daAuts
 Swamp:3: 1335 daAuts
